AoeStats
← Marin.

Arabia

504216170Analyzed
1v1 RM · 28d ago on Sep 4, 2026· 44m 29s· 2 players
Game mode
Random Map
Map size
Tiny (2 player)
Population
200
Speed
Normal
Resources
Standard
Victory
Conquest
Starting age
Dark Age
Ending age
Imperial Age
RankedLock teamsTeams togetherTeam positionsShared explorationLock speedFull tech treeHidden civsTurbo modeCheats
Victory
Defeat
🇪🇸 Celts · Spain
1037
+17
🇮🇳 Persians · India
1060
-17
Marin.
4:32 Loom
10:16 Feudal Age
11:01 Double-Bit Axe
11:25 Horse Collar
14:58 Town Watch
20:10 Castle Age
19:50 Wheelbarrow
19:45 Forging
19:41 Scale Barding Armor
19:39 Scale Mail Armor
20:45 Pikeman
23:29 Bow Saw
23:24 Heavy Plow
25:10 Iron Casting
25:26 Hand Cart
25:25 Gold Mining
30:00 Ballistics
32:26 Imperial Age
30:43 Stronghold
31:27 Town Patrol
31:21 Arson
32:28 Halberdier
32:54 Gambesons
34:56 Conscription
34:47 Furor Celtica
37:02 Chemistry
35:58 Murder Holes
37:52 Blast Furnace
37:08 Chain Mail Armor
42:07 Heavy Scorpion
42:37 Elite Woad Raider
MD MEOWDULLA BILLUJI
6:31 Loom
9:20 Feudal Age
9:43 Double-Bit Axe
18:10 Scale Mail Armor
18:11 Padded Archer Armor
20:18 Castle Age
18:30 Horse Collar
18:41 Gold Mining
20:14 Scale Barding Armor
20:19 Forging
20:20 Bloodlines
23:14 Fletching
23:24 Padded Archer Armor
23:43 Padded Archer Armor
24:54 Bodkin Arrow
25:14 Leather Archer Armor
24:50 Elite Skirmisher
28:13 Ballistics
32:35 Wheelbarrow
35:39 Imperial Age
34:02 Hand Cart
33:59 Bow Saw
33:45 Light Cavalry
37:21 Chemistry
40:35 Thumb Ring
40:54 Hussar
Connection lost

Rejoining the realm…

Still unreachable

The connection could not be restored.

Session expired

The server has moved on; the page needs a fresh start.